 Dungeon Crawl Stone Soup version 0.20-a0-983-g35de22d (webtiles) character file.

38 Ordine the Insei (level 3, 0/23 HPs)
             Began as an Octopode Transmuter on Apr 10, 2017.
             Succumbed to an adder's poison
             ... on level 1 of the Dungeon.
             The game lasted 00:02:07 (915 turns).

Ordine the Insei (Octopode Transmuter)               Turns: 915, Time: 00:02:08

Health: 0/23       AC:  1    Str:  9    XL:     3   Next: 43%
Magic:  7/7        EV: 13    Int: 16    God:
Gold:   0          SH:  0    Dex: 12    Spells: 6/7 levels left

rFire    . . .     SeeInvis .     - Unarmed
rCold    . . .     Gourm    .   (no shield)
rNeg     . . .     Faith    .   (helmet restricted)
rPois    .         Spirit   .   (no amulet)
rElec    .         Reflect  .   (no ring)
rCorr    .         Harm     .   (no ring)
MR       .....                  (no ring)
Stlth    ++........             (no ring)
Regen    0.1/turn               (no ring)
MPRegen  0.1/turn               (no ring)
                                (no ring)
                                (no ring)

@: lethally poisoned (0 -> -5)
A: almost no armour, stealthy swim, amphibious, 8 rings, constrict 8, camouflage
1, gelatinous body 1
a: no special abilities


You were on level 1 of the Dungeon.
You were not hungry.

You visited 1 branch of the dungeon, and saw 2 of its levels.

Inventory:

Missiles
 a - 12 arrows
 g - 20 stones (quivered)
Scrolls
 e - a scroll of identify {unknown}
 h - a scroll of fear {unknown}
 i - a scroll of immolation {unknown}
Books
 b - a book of Changes

   Spells                             Type                      Level
   a - Beastly Appendage              Transmutation                1
   b - Sticks to Snakes               Transmutation                2
   c - Spider Form                    Transmutation/Poison         3
   d - Ice Form                       Ice/Transmutation            4
   e - Blade Hands                    Transmutation                5
Comestibles
 c - a bread ration
 f - 3 chunks of flesh


   Skills:
 - Level 1.0 Fighting
 - Level 2.0 Dodging
 + Level 3.4 Unarmed Combat
 * Level 2.8 Spellcasting
 + Level 2.4 Transmutations


You had 6 spell levels left.
You knew the following spells:

 Your Spells              Type           Power        Failure   Level  Hunger
a - Beastly Appendage     Tmut           #.....       10%         1    #......


Dungeon Overview and Level Annotations

Branches:
Dungeon (2/15)

Altars:


Innate Abilities, Weirdness & Mutations

You cannot wear most types of armour.
You are very stealthy in the water. (Stealth+)
You are amphibious.
You can wear up to eight rings at the same time.
You can use your tentacles to constrict eight enemies at once.
Your skin changes colour to match your surroundings (Stealth+).
Your rubbery body absorbs attacks. (AC +1, EV +1)


Message History

The adder bites you.
* * * LOW HITPOINT WARNING * * *
It was a potion of curing.
You feel better. The adder bites you.
You tentacle-slap the adder. Your grab misses the adder. You squeeze the adder.
The adder is almost dead.
The adder barely misses you. x2
You barely miss the adder. You grab the adder.
The adder is severely wounded.
You constrict the adder. The adder bites you.
* * * LOW HITPOINT WARNING * * *
You are lethally poisoned!
The adder poisons you!
You tentacle-slap the adder.
You kill the adder!
* * * LOW HITPOINT WARNING * * *
You feel sick.
Things that are here:
a club; an adder corpse; a goblin corpse You aren't carrying any potions.
You die...

#.#
#.#.............#####.#.#
#.#
#.#รท##########........#.#
#.# #.#.## #..##.####.#
#.# #....# #..##.......
#.# ###..#
######..##..###.# ###.#
#..# #................
#...# #..#
#.####..##...##.# #.###
#..####.####.....>....#
#.#
#....)@.......#.....###
#.# ##.####....####...#.#
#.# #..........# #.###.#
#.# ######....####.....#
#.# #.#.......##### #.#
###.######### #.# #.....#
#.#############.....#
#.............).....#


There were no monsters in sight!

Vanquished Creatures
  An adder (D:1)
  An ooze (D:1)
  A dart slug (D:1)
  4 bats (D:1)
  2 giant cockroaches (D:1)
  3 goblins (D:1)
  4 jackals (D:1)
  A kobold (D:1)
  2 frilled lizards (D:1)
  4 rats (D:1)
23 creatures vanquished.

Notes
Turn   | Place    | Note
-------+----------+-------------------------------------------
     0 | D:1      | Ordine the Octopode Transmuter began the quest for the Orb.
     0 | D:1      | Reached XP level 1. HP: 13/13 MP: 3/3
   330 | D:1      | Reached XP level 2. HP: 12/18 MP: 5/5
   632 | D:1      | Reached XP level 3. HP: 23/23 MP: 6/6
   913 | D:1      | HP: 1/23 [poisoned by an adder]
   915 | D:1      | Succumbed to an adder's poison

Vault maps used:
D:1:      minmay_arrival_diagonal_passages
D:2:      serial_bayou_pond_e

Action                   || total
-------------------------++-------
Melee: Unarmed           ||    59
       Tentacles         ||    10
       Constrict         ||    12
       Punch             ||     1
Throw: Stone             ||     1
  Use: Potion            ||     1
 Stab: Sleeping          ||     4
Armor: Skin              ||    12
Dodge: Dodged            ||    44
